 Dungeon Crawl Stone Soup version 0.20.1-1-g8b1a95d (webtiles) character file.

5383 Irenicus the Grappler (level 10, 0/91 HPs)
             Began as a Troll Chaos Knight on Oct 11, 2017.
             Slain by an Executioner (4 damage)
             ... on level 3 of the Abyss.
             The game lasted 00:16:42 (5637 turns).

Irenicus the Grappler (Troll Chaos Knight)          Turns: 5637, Time: 00:16:43

Health: 0/91       AC:  9    Str: 24      XL:     10   Next: 39%
Magic:  9/9        EV: 10    Int: 13      God:    Xom [..*...]
Gold:   670        SH:  0    Dex: 11 (12) Spells: 9/9 levels left

rFire    . . .     SeeInvis .     - Unarmed
rCold    . . .     Gourm    +   (no shield)
rNeg     . . .     Faith    .   a - +2 robe
rPois    .         Spirit   .   (helmet restricted)
rElec    .         Reflect  .   (no cloak)
rCorr    .         Harm     .   (gloves unavailable)
MR       .....                  (boots unavailable)
Stlth    ++........             s - amulet of rage
Regen    0.7/turn               n - ring of stealth
MPRegen  0.2/turn               K - +3 ring of slaying

@: brilliant, hasted, very quick
A: unfitting armour, claws 3, hooves 1, iridescent scales 1, deterioration 1,
fast metabolism 3, gourmand, regeneration 1, shaggy fur 1, strong 1, tough skin
2, subdued magic 1, MP-powered wands
a: Renounce Religion, Evoke Berserk Rage


You were on level 3 of the Abyss.
You worshipped Xom.
You were a toy of Xom.
You were completely stuffed.

You visited 1 branch of the dungeon, and saw 8 of its levels.
You visited the Abyss 1 time.

You collected 670 gold pieces.

Inventory:

Hand Weapons
 z - the +4 short sword of Fahui {drain, rC+}
   (You found it on level 5 of the Dungeon)

   A truly terrible weapon, it drains the life of those it strikes.
   It protects you from cold.
Armour
 a - a +2 robe (worn)
Magical Staves
 F - an uncursed staff of poison
Jewellery
 n - a ring of stealth (left claw)
 s - an amulet of rage (around neck)
 u - an uncursed ring of magical power
 K - a +3 ring of slaying (right claw)
Wands
 g - a wand of acid (0/15)
 C - a wand of random effects (32/48)
 D - a wand of acid (5/15)
 E - a wand of acid (0/15)
 H - a wand of confusion (15/48)
Scrolls
 c - a scroll of remove curse
 d - 4 scrolls of immolation
 e - a scroll of enchant weapon {unknown}
 f - 2 scrolls of teleportation {unknown}
 m - 7 scrolls of identify
 p - 3 scrolls of noise
 r - a scroll of enchant armour {unknown}
 t - 2 scrolls of blinking {unknown}
 y - a scroll of fear {unknown}
 A - a scroll of recharging {unknown}
 G - a scroll of silence {unknown}
 J - a scroll of amnesia {unknown}
Potions
 i - a potion of haste
 j - 7 potions of curing {unknown}
 k - 2 potions of heal wounds {unknown}
 l - a potion of ambrosia {unknown}
 o - 2 potions of brilliance
 v - 2 potions of flight {unknown}
 x - a potion of lignification {unknown}
 B - a potion of might {unknown}
Comestibles
 b - 9 bread rations
 h - 9 royal jellies
 q - 5 meat rations
 w - 2 fruits
 I - 8 chunks of flesh


   Skills:
 - Level 3.0 Fighting
 - Level 2.0 Dodging
 + Level 14.8 Unarmed Combat
 + Level 0.1 Evocations


You had 9 spell levels left.
You didn't know any spells.

Dungeon Overview and Level Annotations

Branches:
Dungeon (8/15)             Temple (0/1) D:4
   Lair: D:8-11

Altars:
Cheibriados
Kikubaaqudgha
Nemelex Xobeh
Okawaru
Qazlal
Xom
Yredelemnul


Innate Abilities, Weirdness & Mutations

You are too large for most types of armour.
You have claws for hands.
Your metabolism is lightning-fast.
You like to eat raw meat.
Your natural rate of healing is unusually fast.
You are covered in fur. (AC +1)
You have very tough skin. (AC +2)
You have large cloven feet.
You are partially covered in iridescent scales. (AC +2)
Your body sometimes deteriorates upon taking damage.
Your muscles are strong. (Str +2)
Your spells are a little easier to cast, but a little less powerful.
You expend magic power (3 MP) to strengthen your wands.


Message History

The Executioner hits you but does no damage.
The Executioner hits you. The Executioner hits you!
* * * LOW HITPOINT WARNING * * *
Your body deteriorates!
You feel clumsy. The Executioner hits you.
* * * LOW HITPOINT WARNING * * *
The Executioner hits you.
* * * LOW HITPOINT WARNING * * *
It was a potion of haste.
You feel yourself speed up.
The Executioner hits you but does no damage. x3
The Executioner gestures at you. Pain shoots through your body!
* * * LOW HITPOINT WARNING * * *
The Executioner hits you.
* * * LOW HITPOINT WARNING * * *
The Executioner hits you.
* * * LOW HITPOINT WARNING * * *
The Executioner hits you.
You die...
Xom cackles wildly!

∆ # ## .#..# #.####.
.# #........#
#§§#....#
###§@#...##
#####.##.1....####
................ ..
...#..#.........≈..
#.........≈≈........
..#.##.......⌠≈. ...
.. #......≈≈⌠... .
.## ..#.........≈≈.
# ........≈..≈ ..≈.


You could see an Executioner (inner flame).

Vanquished Creatures
  2 two-headed ogres (D:8)
  A hippogriff (D:7)
  A hog (D:7)
  A steam dragon (D:7)
  Eustachio (D:5)
  5 orc warriors
  A black bear (D:8)
  A necrophage (D:6)
  3 ice beasts (D:8)
  4 ogres
  An eye of draining (D:7)
  2 centaurs
  3 bullfrogs
  A scorpion (D:5)
  2 crimson imps
  2 bullfrog zombies
  4 orc priests
  2 jellies
  4 hounds
  13 orc wizards
  2 iguanas (D:7)
  6 worker ants
  A hound skeleton (D:6)
  9 adders
  A river rat (D:2)
  2 shadow imps
  An adder skeleton (D:7)
  A worm (D:3)
  A dart slug (D:5)
  2 leopard geckos (D:3)
  48 orcs
  9 bats
  4 giant cockroaches
  6 goblins
  4 hobgoblins
  10 jackals
  4 kobolds
  3 quokkas
  A ball python (D:1)
  4 frilled lizards
  A leopard gecko skeleton (D:5)
  12 rats
186 creatures vanquished.

Vanquished Creatures (collateral kills)
  Sigmund (D:5)
  3 hogs (D:7)
  A human (D:7)
  A phantom (D:7)
  An orc (D:7)
7 creatures vanquished.

Grand Total: 193 creatures vanquished

Notes
Turn   | Place    | Note
-------+----------+-------------------------------------------
     0 | D:1      | Irenicus the Troll Chaos Knight began the quest for the Orb.
     0 | D:1      | Reached XP level 1. HP: 22/22 MP: 0/0
   106 | D:1      | XOM: potion effect (agility)
   353 | D:1      | Reached XP level 2. HP: 29/29 MP: 1/1
   571 | D:1      | XOM: 1-stop teleportation journey
   745 | D:1      | XOM: scenery: create altars
   973 | D:2      | XOM: divination: detect items
  1040 | D:2      | XOM: polymorph frilled lizard -> river rat
  1045 | D:2      | Reached XP level 3. HP: 25/36 MP: 2/2
  1453 | D:2      | XOM: give mutations
  1453 | D:2      | Gained mutation: You have large cloven feet. [Xom's grace]
  1453 | D:2      | Gained mutation: Your muscles are strong. (Str +2) [Xom's grace]
  1523 | D:2      | Found an ancient bone altar of Kikubaaqudgha.
  1718 | D:2      | XOM is BORED!
  1718 | D:2      | XOM: summons 1 hostile demon
  1923 | D:3      | Reached skill level 4 in Unarmed Combat
  1927 | D:3      | XOM: god gift: 55 gold pieces
  2151 | D:3      | Reached XP level 4. HP: 45/45 MP: 3/3
  2243 | D:3      | Found a stormy altar of Qazlal.
  2545 | D:4      | Reached skill level 5 in Unarmed Combat
  2580 | D:4      | Reached XP level 5. HP: 50/53 MP: 4/4
  2704 | D:4      | Reached skill level 6 in Unarmed Combat
  2839 | D:4      | Found an iron altar of Okawaru.
  3001 | D:4      | Found a staircase to the Ecumenical Temple.
  3214 | D:5      | Entered Level 5 of the Dungeon
  3225 | D:5      | XOM: god gift: 52 gold pieces
  3251 | D:5      | Reached XP level 6. HP: 61/61 MP: 5/5
  3256 | D:5      | Noticed Eustachio
  3269 | D:5      | Killed Eustachio
  3269 | D:5      | Reached skill level 7 in Unarmed Combat
  3294 | D:5      | Found a snail-covered altar of Cheibriados.
  3302 | D:5      | XOM: give mutations
  3302 | D:5      | Gained mutation: Your body sometimes deteriorates upon taking damage. [Xom's mischief]
  3302 | D:5      | Gained mutation: You are partially covered in iridescent scales. (AC +2) [Xom's mischief]
  3302 | D:5      | Gained mutation: You expend magic power (3 MP) to strengthen your wands. [Xom's mischief]
  3302 | D:5      | Gained mutation: Your spells are a little easier to cast, but a little less powerful. [Xom's mischief]
  3348 | D:5      | XOM: harmless Tloc miscast
  3366 | D:5      | Got an encrusted short sword
  3367 | D:5      | Identified the +4 short sword of Fahui {drain, rC+} (You found it on level 5 of the Dungeon)
  3580 | D:5      | XOM: enchant monster (good)
  3589 | D:5      | Reached XP level 7. HP: 66/67 MP: 6/6
  3649 | D:5      | Found a basalt altar of Yredelemnul.
  3655 | D:5      | XOM: cast spell 'Summon Dragon'
  3656 | D:5      | Reached skill level 8 in Unarmed Combat
  3713 | D:5      | Noticed Sigmund
  3724 | D:5      | Killed Sigmund
  3925 | D:6      | Found a sparkling altar of Nemelex Xobeh.
  4002 | D:6      | Reached skill level 9 in Unarmed Combat
  4009 | D:6      | Reached XP level 8. HP: 75/75 MP: 7/7
  4073 | D:6      | XOM is BORED!
  4073 | D:6      | XOM: mild Necr miscast
  4191 | D:6      | XOM: potion effect (might)
  4194 | D:6      | Reached skill level 10 in Unarmed Combat
  4318 | D:7      | XOM: polymorph bullfrog -> steam dragon
  4382 | D:7      | Reached skill level 11 in Unarmed Combat
  4400 | D:7      | XOM: summons 2 hostile shadow creatures
  4461 | D:7      | Noticed a hippogriff
  4464 | D:7      | Killed a hippogriff
  4517 | D:7      | Reached XP level 9. HP: 55/81 MP: 8/8
  4698 | D:7      | Reached skill level 12 in Unarmed Combat
  4699 | D:7      | XOM: god gift: crooked glowing staff {god gift}
  4884 | D:7      | Reached skill level 13 in Unarmed Combat
  5118 | D:8      | Noticed a two-headed ogre
  5128 | D:8      | Noticed a two-headed ogre
  5131 | D:8      | XOM: butterfly on damage
  5132 | D:8      | Killed a two-headed ogre
  5134 | D:8      | Reached XP level 10. HP: 31/91 MP: 9/9
  5178 | D:8      | XOM: scenery: create altars
  5253 | D:8      | Reached skill level 14 in Unarmed Combat
  5340 | D:8      | Killed a two-headed ogre
  5399 | D:8      | XOM: scenery: create altars
  5406 | D:8      | XOM: confuse monster(s)
  5610 | D:8      | XOM: god gift: onyx ring {god gift}
  5621 | D:8      | XOM: medium Tloc miscast
  5621 | D:8      | Cast into level 3 of the Abyss (the capriciousness of Xom)
  5631 | Abyss:3  | Noticed an Executioner
  5632 | Abyss:3  | XOM: divination: detect creatures
  5634 | Abyss:3  | XOM: divination: detect items
  5635 | Abyss:3  | XOM: smoke on damage
  5637 | Abyss:3  | HP: 4/91 [Executioner (2)]
  5637 | Abyss:3  | Slain by an Executioner

Skill      XL: |  1  2  3  4  5  6  7  8  9 10 |
---------------+-------------------------------+-----
Dodging        | 2 |  2.0
Fighting       | 3 |  3.0
Unarmed Combat | 4 5 6 7 9 11 13 14 | 14.8
Evocations     | |  0.1

Action                   |  1- 3 |  4- 6 |  7- 9 | 10-12 || total
-------------------------+-------+-------+-------+-------++-------
Melee: Unarmed           |   134 |    78 |   186 |    56 ||   454
       Kick              |    12 |    17 |    48 |     8 ||    85
       Punch             |       |     4 |     6 |     4 ||    14
 Abil: Evoke Berserk Rag |       |       |       |     1 ||     1
Evoke: Wand              |       |       |       |     8 ||     8
  Use: Scroll            |       |       |       |     3 ||     3
       Potion            |       |       |       |     2 ||     2
 Stab: Sleeping          |     2 |     4 |     4 |     1 ||    11
       Confused          |       |       |       |     2 ||     2
  Eat: Chunk             |    23 |    12 |    10 |    10 ||    55
       Fruit             |     3 |       |       |       ||     3
Armor: Robe              |    77 |    17 |    56 |    18 ||   168
Dodge: Dodged            |   117 |    26 |    91 |    17 ||   251
